AoeStats
← richnoob575

Arena

506081593Analyzed
4v4 RM · 21d ago on Sep 12, 2026· 44m 13s· 8 players
Game mode
Random Map
Map size
Large (8 player)
Population
200
Speed
Normal
Resources
Standard
Victory
Conquest
Starting age
Dark Age
Ending age
Imperial Age
RankedLock teamsTeams togetherTeam positionsShared explorationLock speedFull tech treeHidden civsTurbo modeCheats
Victory
Defeat
🇯🇵 Byzantines · Japan
993
+35
🇬🇧 Mongols · United Kingdom
945
+14
🇦🇺 Vikings · Australia
943
+14
🇯🇵 Khmer · Japan
898
+16
🇦🇷 Portuguese · Argentina
976
-17
🇨🇳 Spanish · China
880
-13
🇨🇳 Franks · China
876
-13
🇨🇳 Khmer · China
871
-13
世界首席DJ
5:19 Loom
12:31 Feudal Age
16:41 Castle Age
14:47 Double-Bit Axe
14:44 Horse Collar
18:35 Bow Saw
20:59 Heavy Plow
25:21 Wheelbarrow
26:37 Gold Mining
30:24 Imperial Age
28:11 Hand Cart
28:19 Scale Mail Armor
28:36 Forging
29:17 Chain Mail Armor
28:45 Pikeman
29:25 Squires
29:11 Gambesons
29:20 Arson
30:28 Stone Mining
31:14 Gold Shaft Mining
31:21 Gold Shaft Mining
32:24 Two-Man Saw
30:46 Halberdier
31:57 Plate Mail Armor
32:02 Iron Casting
32:49 Chemistry
33:04 Capped Ram
34:08 Treadmill Crane
34:22 Fletching
34:32 Padded Archer Armor
34:38 Scale Barding Armor
35:06 Logistica
35:26 Bodkin Arrow
35:56 Ballistics
36:28 Elite Cataphract
37:09 Onager
37:11 Siege Ram
39:08 Stone Shaft Mining
39:19 Husbandry
40:36 Conscription
41:37 Chain Barding Armor
lesserpanda1300
1:56 Loom
13:35 Feudal Age
14:02 Double-Bit Axe
14:00 Horse Collar
19:28 Castle Age
18:03 Stone Mining
18:06 Gold Mining
18:20 Fletching
19:11 Bloodlines
19:23 Forging
20:06 Scale Barding Armor
20:52 Bow Saw
20:46 Heavy Plow
21:27 Wheelbarrow
24:22 Husbandry
28:16 Gold Shaft Mining
29:35 Murder Holes
33:42 Imperial Age
31:38 Fortified Wall
30:51 Light Cavalry
33:31 Ballistics
33:50 Iron Casting
33:13 Bodkin Arrow
33:56 Chain Barding Armor
34:35 Double Crossbow
35:07 Conscription
35:38 Crop Rotation
38:10 Chemistry
37:15 Bracer
38:16 Blast Furnace
37:11 Heavy Scorpion
42:19 Hussar
richnoob575
9:03 Loom
10:49 Feudal Age
16:45 Castle Age
21:17 Fletching
22:19 Double-Bit Axe
24:56 Crossbowman
27:40 Bodkin Arrow
32:44 Imperial Age
30:32 Padded Archer Armor
32:05 Bow Saw
31:37 Horse Collar
32:51 Fortified Wall
33:03 Ballistics
36:30 Leather Archer Armor
37:19 Heavy Plow
38:02 Caravan
39:20 Man-at-Arms
39:48 Gambesons
40:03 Squires
39:49 Arson
39:39 Pikeman
40:45 Capped Ram
41:34 Long Swordsman
42:55 Two-Handed Swordsman
Asturon
8:14 Feudal Age
9:00 Double-Bit Axe
10:25 Horse Collar
17:54 Castle Age
16:50 Gold Mining
19:11 Bow Saw
19:05 Heavy Plow
21:04 Loom
21:24 Stone Mining
24:45 Wheelbarrow
28:32 Hand Cart
32:37 Imperial Age
32:25 Gold Shaft Mining
31:54 Fletching
32:04 Padded Archer Armor
32:50 Town Watch
32:39 Onager
33:45 Conscription
35:03 Drill
35:03 Bodkin Arrow
35:30 Ballistics
36:11 Chemistry
36:30 Conscription
36:37 Elite Mangudai
39:01 Husbandry
39:11 Bloodlines
38:56 Light Cavalry
39:49 Forging
39:45 Scale Barding Armor
41:17 Capped Ram
42:55 Siege Engineers
44:33 Iron Casting
44:18 Chain Barding Armor
43:57 Hussar
秋绥冬禧
11:42 Feudal Age
13:14 Double-Bit Axe
18:34 Castle Age
17:48 Scale Barding Armor
17:54 Forging
18:24 Stone Mining
18:25 Gold Mining
19:34 Bow Saw
21:48 Gold Shaft Mining
24:53 Husbandry
29:35 Imperial Age
28:51 Chain Barding Armor
29:26 Iron Casting
29:51 Cavalier
31:56 Conscription
泰达津布曲
12:07 Feudal Age
12:35 Horse Collar
12:43 Double-Bit Axe
12:51 Stone Mining
18:45 Castle Age
19:54 Husbandry
21:52 Heavy Plow
22:06 Bow Saw
22:37 Stone Shaft Mining
21:54 Gold Mining
26:54 Gold Shaft Mining
27:40 Bloodlines
28:23 Scale Barding Armor
28:28 Forging
33:41 Imperial Age
31:49 Masonry
32:40 Iron Casting
34:22 Chain Barding Armor
35:23 Chemistry
35:10 Ballistics
36:55 Cavalier
40:24 Double Crossbow
41:32 Plate Barding Armor
43:28 Elite Ballista Elephant
tikymax
10:19 Feudal Age
11:43 Loom
14:16 Castle Age
12:51 Double-Bit Axe
12:54 Loom
13:57 Horse Collar
21:47 Redemption
22:34 Gold Mining
24:19 Fervor
30:29 Imperial Age
28:40 Fletching
30:05 Bow Saw
30:39 Murder Holes
31:04 Ballistics
31:10 Ballistics
30:46 Bodkin Arrow
32:52 Chemistry
34:48 Wheelbarrow
33:58 Town Watch
36:05 Bracer
36:21 Padded Archer Armor
36:50 Conscription
39:22 Masonry
39:18 Siege Engineers
39:56 Circumnavigation
41:27 Arquebus
43:14 Sappers
闲挂月
12:38 Feudal Age
16:27 Castle Age
14:48 Double-Bit Axe
16:04 Horse Collar
17:32 Bow Saw
17:25 Heavy Plow
19:37 Fervor
20:11 Wheelbarrow
20:34 Gold Mining
20:37 Stone Mining
21:56 Hand Cart
24:38 Stone Shaft Mining
26:19 Fletching
29:23 Imperial Age
28:18 Inquisition
28:16 Bodkin Arrow
30:17 Devotion
33:01 Two-Man Saw
31:29 Elite Conquistador
33:50 Conscription
34:08 Block Printing
35:17 Chemistry
42:05 Bracer
42:06 Padded Archer Armor
42:16 Forging
42:12 Scale Barding Armor
42:48 Bloodlines
42:39 Husbandry
43:19 Light Cavalry
43:49 Hussar
Connection lost

Rejoining the realm…

Still unreachable

The connection could not be restored.

Session expired

The server has moved on; the page needs a fresh start.